 Dungeon Crawl Stone Soup version 0.31-a0-267-g3fc6992b3b (webtiles) character file.

Game seed: 14564520628496534359

483 Essalna the Trooper (level 6, -7/53 HPs)
             Began as a Draconian Shapeshifter on July 14, 2023.
             Killed from afar by an orc wizard (10 damage)
             ... with a puff of flame
             ... on level 4 of the Dungeon.
             The game lasted 00:06:47 (2952 turns).

Essalna the Trooper (Draconian Shapeshifter)        Turns: 2952, Time: 00:06:48

Health: -7/53      AC:  6    Str: 19    XL:     6   Next: 88%
Magic:  6/6        EV: 13    Int:  8    God:
Gold:   120        SH:  0    Dex: 12    Spells: 5/5 levels left

rFire   . .          .
                       - Unarmed
rCold   . . .        (no shield)
rNeg    . . .        (body armour unavailable)
rPois   .            (helmet currently unavailable)
rElec   .            (cloak currently unavailable)
rCorr   .            (gloves currently unavailable)
SInv    .            (boots currently unavailable)
Will    .....        (no amulet)
Stlth   +            (no ring)
HPRegen 0.28/turn    (no ring)
MPRegen 0.10/turn

%: no passive effects
@: beast-form
A: beast (slay +2), AC +6, unfitting armour, cold-blooded
a: Begin Untransformation


You were on level 4 of the Dungeon.
You were a hulking beast.
You visited 1 branch of the dungeon, and saw 5 of its levels.

You collected 120 gold pieces.

Inventory:

Talismans
 b - a beast talisman
 g - a blade talisman
Wands
 f - a wand of flame (17)
Scrolls
 a - a scroll of immolation
 i - a scroll of amnesia
 j - a scroll of identify
Potions
 c - a potion of attraction
 d - 2 potions of degeneration
 e - a potion of brilliance


   Skills:
 + Level 4.4 Fighting
 + Level 3.6 Dodging
 + Level 4.0 Unarmed Combat
 + Level 4.2 Shapeshifting


You had 5 spell levels left.
You didn't know any spells.
Your spell library contained the following spells:

 Spells                   Type           Power      Damage    Failure   Level
 Summon Small Mammal      Summ           0%         N/A       41%         1
 Call Canine Familiar     Summ           0%         N/A       78%         3
 Dazzling Flash           Conj/Hex       0%         N/A       78%         3
 Summon Guardian Golem    Hex/Summ       0%         N/A       78%         3
 Volatile Blastmotes      Fire/Tloc      0%         2d10      78%         3
 Fulminant Prism          Conj/Hex       0%         3d5       99%         4
 Iskenderun's Mystic Bla  Conj/Tloc      0%         2d3       99%         4
 Starburst                Conj/Fire      0%         6d3       100%        6
 Orb of Destruction       Conj           0%         9d5       100%        7
 Spellforged Servitor     Conj/Summ      0%         N/A       100%        7
 Maxwell's Capacitive Co  Air            0%         ∞         100%        8


Dungeon Overview and Level Annotations

Branches:
Dungeon (5/15)
 Temple: D:4-7

Altars:
Gozag
Makhleb

Shops:
D:2 (   D:3 :


Innate Abilities, Weirdness & Mutations

You are a hulking beast.
Your limbs bulge with bestial killing power. (Slay +2)
Your plain brown scales are hard. (AC +6)
You cannot fit into any form of body armour.
You are cold-blooded and may be slowed by cold attacks.


Message History

You hit the centaur but do no damage.
The centaur is lightly wounded.
The centaur hits you but does no damage.
The centaur kicks you but does no damage.
You hear some strange, mumbled words.
A puff of flame appears from out of thin air!
The puff of flame hits you!
* * * LOW HITPOINT WARNING * * *
The centaur closely misses you. x2; The centaur hits you.
* * * LOW HITPOINT WARNING * * *
The centaur closely misses you.
You hear some strange, mumbled words.
Something tries to affect you, but you resist.
You climb upwards.
Reactivating autopickup.
An ogre comes into view. It is wielding a +0 giant spiked club.
The orc closely misses you. The orc hits you with a +0 hand axe.
* * * LOW HITPOINT WARNING * * *
The ogre moves out of view.
There is a stone staircase leading down, spattered with blood here.
You punch the orc!
You kill the orc!
The centaur wields a +0 orcbow.
The centaur shoots an arrow.
The arrow barely misses you. Something hits you but does no damage.
Deactivating autopickup; reactivate with Ctrl-A.
The centaur unwields a +0 orcbow.
The centaur hits you.
* * * LOW HITPOINT WARNING * * *
The centaur kicks you.
* * * LOW HITPOINT WARNING * * *
You hear some strange, mumbled words.
A magic dart appears from out of thin air!
The magic dart hits you.
* * * LOW HITPOINT WARNING * * *
Items here: )) [ †.
The centaur attacks as you move away!
The centaur hits you but does no damage.
The centaur barely misses you.
The orc wizard gestures at you while chanting.
The puff of flame hits you!
You die...

.o..# .## #.# .o..#
...# #.# ...####...#
#.# .........# #.#
#.......# #.#
#.......# #.#
+...{...##########.#
#.......'...c##....#
#.......#..Ooh....##
#.......####)####.#
#.......'hh{># #.#
#.......###### #.#
#.......# #.#
#.......# ###.#
#.......# #...#
#.......# #.###
###############.#


You could see an ogre, a centaur, a hound and an orc wizard.

Vanquished Creatures
  Sigmund (D:2)
  A scorpion (D:3)
  A jelly (D:4)
  2 orc priests
  Natasha (thrice) (D:2)
  4 adders
  A dart slug (D:2)
  6 orcs
  4 ball pythons
  6 endoplasms
  8 goblins
  6 hobgoblins
  7 jackals (D:3)
  4 kobolds (D:1)
  A quokka (D:4)
  7 bats
  3 frilled lizards
  3 rats (D:1)
68 creatures vanquished.

Notes
Turn   | Place    | Note
-------+----------+-------------------------------------------
     0 | D:1      | Essalna the Draconian Shapeshifter began the quest for the
                  | Orb.
     0 | D:1      | Reached XP level 1. HP: 17/17 MP: 1/1
    74 | D:1      | Reached XP level 2. HP: 19/25 MP: 2/2
   834 | D:2      | Reached XP level 3. HP: 24/30 MP: 3/3
   857 | D:2      | Found Yvaxuxef's Antique Weapon Boutique.
  1013 | D:2      | Found a faded altar of an unknown god.
  1165 | D:2      | Noticed Sigmund
  1180 | D:2      | Killed Sigmund
  1181 | D:2      | Reached XP level 4. HP: 40/40 MP: 4/4
  1181 | D:2      | Reached XP level 5. HP: 46/46 MP: 5/5
  1414 | D:2      | Noticed Natasha
  1422 | D:2      | Killed Natasha
  1649 | D:2      | Noticed Natasha
  1658 | D:2      | Killed Natasha
  1659 | D:2      | Reached XP level 6. HP: 47/52 MP: 6/6
  1684 | D:2      | Noticed Natasha
  1690 | D:2      | Killed Natasha
  2095 | D:3      | Found a burning altar of Makhleb.
  2165 | D:3      | Found Nog Magy's Book Shop.
  2494 | D:3      | Found an opulent altar of Gozag.
  2929 | D:5      | Entered Level 5 of the Dungeon
  2952 | D:4      | Killed from afar by an orc wizard

Illustrated notes

Levels and vault maps discovered:
D:1:      dpeg_arrival_central, layout_loops_ring, minmay_tiny_reverse_x
D:2:      wad_crossroads, layout_basic, chequers_ecumenical_altar_twisty,
          serial_shops, shop_statue, feat_on_display, uniq_sigmund, uniq_natasha
D:3:      layout_loops_ring, mainiacjoe_overflow_paths, bloody_makhleb,
          serial_shops, shop, nicolae_concentric_dashed_squares_wild
D:4:      kennysheep_the_goblin_king, layout_basic, jmf_multi_god_temple,
          kennysheep_boxes, uniq_pikel
D:5:      layout_basic, doesnt_xom_only_xom, uniq_menkaure, uniq_blork_the_orc

Skill      XL: |  1  2  3  4  5  6 |
---------------+-------------------+-----
Dodging        | 2 3 |  3.6
Fighting       | 3 4 |  4.4
Unarmed Combat | 3 4 |  4.0
Shapeshifting  | 4 |  4.2

Action                     |  1- 3 |  4- 6 || total
---------------------------+-------+-------++-------
  Melee: Unarmed           |   104 |   100 ||   204
         Tailslap          |    11 |    13 ||    24
         Punch             |     3 |       ||     3
    Use: Potion            |     4 |     3 ||     7
         Scroll            |       |     6 ||     6
   Stab: Sleeping          |       |     2 ||     2
 Armour: Skin              |    37 |    23 ||    60
  Dodge: Dodged            |    58 |    72 ||   130

Table legend: (Time is in decaauts)
 A = Elapsed time spent in this place.
 B = Non-inter-level travel time spent in this place.
 C = Inter-level travel time spent in this place.
 D = Time resting spent in this place.
 E = Time spent auto-exploring this place.
 F = Levels seen in this place.
 G = Mean time per level.
                   A        B        C        D        E       F      G
               +--------+--------+--------+--------+--------+-----+--------+
         Total |   2958 |   2821 |    137 |    245 |   2041 |   5 |  591.6 |
       Dungeon |   2958 |   2821 |    137 |    245 |   2041 |   5 |  591.6 |
               +--------+--------+--------+--------+--------+-----+--------+

Top non-repeatable levels by time:
     D:3: 948 daAuts
     D:2: 923 daAuts
     D:1: 825 daAuts
     D:4: 250 daAuts
     D:5: 10 daAuts
